 Dungeon Crawl Stone Soup version 0.24-a0-521-g122614bf49 (webtiles) character file.

Game seed: 12236281223773130388

41 Mithandil the Chopper (level 3, -1/33 HPs)
             Began as a Hill Orc Berserker on July 29, 2019.
             Was a Believer of Trog.
             Slain by Terence
             ... wielding a +0 flail
              (8 damage)
             ... on level 2 of the Dungeon.
             The game lasted 00:06:11 (1481 turns).

Mithandil the Chopper (Hill Orc Berserker)          Turns: 1481, Time: 00:06:11

Health: -1/33      AC:  3    Str: 20    XL:     3   Next: 52%
Magic:  3/3        EV: 12    Int:  7    God:    Trog [**....]
Gold:   60         SH:  0    Dex: 10    Spells: 2/2 levels left

rFire    . . .     SeeInvis .   a - +0 hand axe
rCold    . . .     Gourm    .   (no shield)
rNeg     . . .     Faith    .   i - +0 leather armour
rPois    .         Spirit   .   (no helmet)
rElec    .         Reflect  .   (no cloak)
rCorr    .         Harm     .   (no gloves)
MR       .....                  (no boots)
Stlth    +.........             (no amulet)
HPRegen  0.11/turn              (no ring)
MPRegen  0.08/turn              (no ring)

@: no status effects
A: no striking features
a: Berserk, Trog's Hand, Renounce Religion


You were on level 2 of the Dungeon.
You worshipped Trog.
Trog was pleased with you.
You were not hungry.

You visited 1 branch of the dungeon, and saw 2 of its levels.

You collected 60 gold pieces.

Inventory:

Hand Weapons
 a - a +0 hand axe (weapon)
 l - a +2 short sword of venom
 n - a +0 hunting sling
Missiles
 d - 58 stones (quivered)
 g - 43 bolts
 o - 16 arrows
Armour
 i - a +0 leather armour (worn)
Scrolls
 e - 2 scrolls of amnesia {unknown}
 k - a scroll of identify {unknown}
Potions
 b - a potion of curing {unknown}
 h - a potion of mutation {unknown}
 j - a potion of flight {unknown}
 m - 2 potions of invisibility {unknown}
Comestibles
 c - 2 rations


   Skills:
 + Level 4.1 Fighting
 + Level 4.5 Axes
 + Level 2.8 Armour
 + Level 2.0 Dodging


You had 2 spell levels left.
You didn't know any spells.
Your spell library was empty.

Dungeon Overview and Level Annotations

Branches:
Dungeon (2/15)

Altars:

Annotations:
D:2 Terence


Message History

You barely miss Terence. You hit the kobold.
The kobold hits you with a +0 dagger.
The leopard gecko hisses menacingly.
Terence misses you. The kobold hits you but does no damage.
You hit Terence but do no damage. You closely miss the kobold.
Terence barely misses you. The kobold hits you but does no damage.
You hit Terence but do no damage. You hit the kobold but do no damage.
Terence hits you with a +0 flail! The kobold closely misses you.
You hit Terence.
Terence is lightly wounded.
You hit the kobold.
You kill the kobold!
Trog accepts your kill. Terence hits you with a +0 flail.
* * * LOW HITPOINT WARNING * * *
You slash Terence!
Terence is severely wounded.
You barely miss the leopard gecko. The leopard gecko closely misses you.
Terence hits you with a +0 flail!
You die...

.......).....#......
#...............#..)###
#...............#..<...
#....>.............)...
#...............#.####.
#...............#.# ##
##....?....#####.#.#
......l.########.#..
......@@.........##.
..####.####.####.# .#
#. ..... #.# .#
##.............#
#.###...##.##.# #
######## #


You could see Terence and a leopard gecko.

Vanquished Creatures
  An ooze (D:2)
  2 dart slugs (D:1)
  A ball python (D:1)
  6 bats (D:1)
  5 goblins
  3 hobgoblins (D:1)
  3 jackals (D:1)
  4 kobolds
  2 frilled lizards (D:1)
  3 rats
30 creatures vanquished.

Notes
Turn   | Place    | Note
-------+----------+-------------------------------------------
     0 | D:1      | Mithandil the Hill Orc Berserker began the quest for the
                  | Orb.
     0 | D:1      | Reached XP level 1. HP: 19/19 MP: 1/1
   143 | D:1      | Reached XP level 2. HP: 18/27 MP: 2/2
  1054 | D:1      | Reached XP level 3. HP: 30/33 MP: 3/3
  1447 | D:2      | Reached ** piety under Trog
  1473 | D:2      | Noticed Terence
  1481 | D:2      | Slain by Terence

Levels and vault maps discovered:
D:1:      minmay_arrival_diagonal_passages, layout_basic, minmay_hedge_maze,
          corexii_leaking_fountain
D:2:      layout_basic, minmay_fractal_squares_gapless_5, uniq_terence

Skill      XL: |  1  2  3 |
---------------+----------+-----
Fighting       | 4 |  4.1
Dodging        | 2 |  2.0
Axes           | |  4.5
Armour         | |  2.8

Action                   || total
-------------------------++-------
Melee: Hand axe          ||    86
Throw: Stone             ||    10
  Eat: Chunk             ||     2
Armor: Animal skin       ||     7
       Leather armour    ||    15
Dodge: Dodged            ||    58

Table legend:
 A = Non-vault XP
 B = Vault XP
 C = Vault XP percentage of total XP
 D = Non-vault monster count
 E = Vault monster count
 F = Vault count percentage of total count
                 A         B        C        D         E       F
            +---------+---------+-------+---------+---------+-------
      Total |      59 |       0 |   0.0 |      30 |       0 |   0.0
            +---------+---------+-------+---------+---------+-------
        D:1 |      44 |       0 |   0.0 |      24 |       0 |   0.0
        D:2 |      15 |       0 |   0.0 |       6 |       0 |   0.0
            +---------+---------+-------+---------+---------+-------
